[Event "Titled Tuesday Blitz June 13 Late 2023"]
[White "Kaplan, Avi Harrison"]
[Black "Feng, Eric"]
[WhiteFideId "30934559"]
[BlackFideId "30952590"]
[WhiteElo "1983"]
[BlackElo "1785"]
[Result "0-1"]
[Round "5"]
[TimeControl "180+2"]
[Date "2023.06.13"]
[WhiteClock "0:00:05"]
[BlackClock "0:01:18"]
[Board "86"]

1. e4 c6 2. Nf3 d5 3. Nc3 dxe4 4. Nxe4 Nf6 5. Qe2 Nxe4 6. Qxe4 Nd7 7. d4 Nf6 8. Qh4 Bg4 9. Be2 e6 10. h3 Bf5 11. c3 Be7 12. O-O O-O 13. Qf4 a5 14. g4 Bg6 15. Ne5 a4 16. Nxg6 hxg6 17. Be3 Nd5 18. Qg3 Bd6 19. Qg2 a3 20. Bc1 axb2 21. Bxb2 Ba3 22. Bxa3 Rxa3 23. Bf3 Nxc3 24. Rfe1 Qxd4 25. h4 Nd5 26. Rad1 Qf6 27. Bxd5 cxd5 28. h5 gxh5 29. gxh5 Rxa2 30. Rd3 Rc8 31. Rf3 Qh6 32. Kh2 Rc4 33. Rg3 Rh4+ 34. Kg1 Rxh5 35. Rb1 Rxf2 36. Kxf2 Rh2 37. Rg1 Rxg2+ 38. R1xg2 b5 39. Rg1 b4 40. Kg2 d4 41. Rf1 e5 42. Rf2 e4 43. Rh3 Qc6 44. Kh2 e3 45. Rg2 b3 46. Rhg3 Qf6 47. Re2 Qh4+ 48. Kg2 Qe4+ 49. Kh2 f5 50. Reg2 Qe5 51. Kh1 f4 52. Rg4 f3 53. R2g3 b2 54. Rxf3 b1=Q+ 55. Rg1 Qh5+ 56. Kg2 Qxg1+ 57. Kxg1 Qxf3 58. Kh2 e2 59. Kg1 e1=Q+ 60. Kh2 Qee4 61. Kg1 d3 62. Kh2 d2 63. Kg1 d1=Q+ 64. Kh2 Qdh1# 0-1


[Site "https://www.chess.com"]

[Event "Titled Tuesday Blitz June 13 Late 2023"]
[White "Ammar, Sedrani"]
[Black "Vovk, Orest"]
[WhiteFideId "9312331"]
[BlackFideId "14113490"]
[WhiteElo "2115"]
[BlackElo "2215"]
[Result "1-0"]
[Round "5"]
[TimeControl "180+2"]
[Date "2023.06.13"]
[WhiteClock "0:00:40"]
[BlackClock "0:00:00"]
[Board "87"]

1. e4 g5 2. d4 h6 3. c4 Bg7 4. Nc3 c5 5. d5 Bxc3+ 6. bxc3 d6 7. f4 Qa5 8. Qb3 Nf6 9. e5 Ne4 10. Bd3 Qxc3+ 11. Qxc3 Nxc3 12. exd6 exd6 13. Bb2 Nxd5 14. Bxh8 Nxf4 15. Be2 Nxg2+ 16. Kf2 Nf4 17. Bc3 Be6 18. Nf3 Nxe2 19. Kxe2 Bxc4+ 20. Kf2 Nc6 21. Rhe1+ Kf8 22. Bf6 Be6 23. Rad1 d5 24. Ne5 Nxe5 25. Bxe5 Rd8 26. Rb1 b6 27. a4 d4 28. a5 bxa5 29. Bc7 Rd7 30. Bxa5 c4 31. Red1 c3 32. Rb8+ Kg7 33. Rc1 Rd5 34. Bb4 a5 35. Bf8+ Kg6 36. Ba3 Bf5 37. Rb6+ Kh5 38. Rc6 c2 39. Rc5 Rxc5 40. Bxc5 d3 41. Ke3 Kg4 42. Kd2 Kh3 43. Bd6 Be4 44. Ra1 f5 45. Rxa5 f4 46. Ra4 Bg6 47. Ra6 1-0


[Site "https://www.chess.com"]

[Event "Titled Tuesday Blitz June 13 Late 2023"]
[White "Mortazavi, Ali"]
[Black "Lalanne, Pablo"]
[WhiteFideId "401323"]
[BlackFideId "112151"]
[WhiteElo "2339"]
[BlackElo "2120"]
[Result "1-0"]
[Round "5"]
[TimeControl "180+2"]
[Date "2023.06.13"]
[WhiteClock "0:00:24"]
[BlackClock "0:00:00"]
[Board "88"]

1. Nf3 c5 2. g3 d5 3. Bg2 e6 4. O-O Nf6 5. d3 Nc6 6. Nbd2 Be7 7. e4 O-O 8. Re1 b5 9. exd5 exd5 10. d4 Qb6 11. Nb3 c4 12. Nbd2 Bg4 13. c3 Bd6 14. Nf1 Ne4 15. h3 Bh5 16. Ne3 Ne7 17. Nxd5 Nxd5 18. Rxe4 Rfe8 19. Qe1 f5 20. Rxe8+ Rxe8 21. Ne5 Nf6 22. Bf4 h6 23. Qd2 Qc7 24. Re1 g5 25. Bxg5 hxg5 26. Qxg5+ Qg7 27. Qxf5 Bf7 28. Kh2 Bg6 29. Qf3 Rf8 30. Qc6 Bxe5 31. Rxe5 Nd7 32. Rg5 Nf6 33. Qxb5 Kh8 34. f4 Nh7 35. Rg4 Qf7 36. Qd5 Qxd5 37. Bxd5 Bf5 38. Rh4 Kg7 39. g4 Nf6 40. Bf3 Be4 41. Be2 Nd5 42. f5 Ne3 43. g5 Rb8 44. Rxe4 Nxf5 45. Bxc4 Rxb2+ 46. Re2 Rb1 47. Bd3 1-0


[Site "https://www.chess.com"]

[Event "Titled Tuesday Blitz June 13 Late 2023"]
[White "Buchenau, Frank"]
[Black "Gimenez Aguirre, Alejo Ismael"]
[WhiteFideId "4604350"]
[BlackFideId "32041667"]
[WhiteElo "2157"]
[BlackElo "2165"]
[Result "1-0"]
[Round "5"]
[TimeControl "180+2"]
[Date "2023.06.13"]
[WhiteClock "0:00:40"]
[BlackClock "0:01:36"]
[Board "89"]

1. e4 c5 2. Nf3 g6 3. c3 Bg7 4. d4 cxd4 5. cxd4 d5 6. e5 Nc6 7. Bb5 Bg4 8. O-O Rc8 9. Nc3 e6 10. h3 Bxf3 11. Qxf3 Ne7 12. Bg5 O-O 13. Bxc6 Rxc6 14. Rac1 h6 15. Bf6 Bxf6 16. Qxf6 Nf5 17. Qxd8 Rxd8 18. Rfd1 Rc4 19. Ne2 Rdc8 20. Rxc4 Rxc4 21. g4 Rc2 22. gxf5 Rxe2 23. f6 Rxb2 24. Rc1 g5 25. Rc8+ Kh7 26. Rf8 Kg6 27. Rg8+ Kh5 28. Rg7 Rxa2 29. Rxf7 Ra4 30. f4 Rxd4 31. f5 Kh4 32. fxe6 Kg3 33. Kf1 Kf3 34. Ke1 Re4+ 35. Kd2 Rxe5 36. Re7 h5 37. f7 Rf5 38. Re8 g4 39. hxg4 hxg4 40. f8=Q Rxf8 41. Rxf8+ Ke4 42. e7 1-0


[Site "https://www.chess.com"]

[Event "Titled Tuesday Blitz June 13 Late 2023"]
[White "Can, Melih Kaan"]
[Black "Bayo Milagro, Alvaro"]
[WhiteFideId "6317383"]
[BlackFideId "22275240"]
[WhiteElo "2010"]
[BlackElo "2270"]
[Result "0-1"]
[Round "5"]
[TimeControl "180+2"]
[Date "2023.06.13"]
[WhiteClock "0:00:00"]
[BlackClock "0:00:29"]
[Board "90"]

1. b3 d5 2. Bb2 Bg4 3. g3 e6 4. Bg2 Nf6 5. Nf3 Be7 6. Ne5 Bf5 7. d3 Nbd7 8. Nd2 Nxe5 9. Bxe5 O-O 10. O-O h6 11. c4 c6 12. Rc1 Nd7 13. Bb2 Bf6 14. Qc2 Bxb2 15. Qxb2 Qf6 16. d4 Rfd8 17. Rfe1 a5 18. a3 Rac8 19. e4 dxe4 20. Nxe4 Bxe4 21. Rxe4 Nc5 22. Rf4 Nd3 23. Rxf6 Nxb2 24. Rf3 Rxd4 25. Re3 Rcd8 26. Bf3 a4 27. bxa4 Nxc4 28. Rec3 Ne5 29. Be2 Rxa4 30. Rb3 Rd7 31. Rcb1 g5 32. Rxb7 Rxb7 33. Rxb7 Rxa3 34. f4 gxf4 35. gxf4 Nf3+ 36. Kf2 Nd4 37. Bc4 Rf3+ 38. Kg2 Rxf4 39. Kg3 e5 40. Rb8+ Kg7 41. Ba2 Nf5+ 42. Kg2 e4 43. Rb7 Nd4 44. Rd7 e3 0-1


[Site "https://www.chess.com"]

[Event "Titled Tuesday Blitz June 13 Late 2023"]
[White "Zomorrodian, Eilia"]
[Black "Pein, Jonathan"]
[WhiteFideId "12551805"]
[BlackFideId "417092"]
[WhiteElo "2069"]
[BlackElo "2151"]
[Result "1-0"]
[Round "5"]
[TimeControl "180+2"]
[Date "2023.06.13"]
[WhiteClock "0:00:37"]
[BlackClock "0:00:00"]
[Board "91"]

1. b4 a5 2. b5 e5 3. Bb2 d6 4. e3 g6 5. Nf3 Bg7 6. Be2 f5 7. O-O Nh6 8. c4 O-O 9. d4 e4 10. Nfd2 Be6 11. Nc3 Nd7 12. f3 exf3 13. Bxf3 Qg5 14. Qe2 Rae8 15. Rae1 Bf7 16. Qd3 Ng4 17. e4 Bh6 18. Bc1 Qh4 19. h3 Nge5 20. dxe5 Nxe5 21. Qd4 Qg3 22. Qf2 Qxf2+ 23. Rxf2 Nd3 24. Rfe2 Nxe1 25. Rxe1 c6 26. bxc6 bxc6 27. Rd1 Be3+ 28. Kh1 fxe4 29. Ndxe4 Bxc1 30. Nf6+ Kg7 31. Nxe8+ Rxe8 32. Rxc1 Bxc4 33. Ne4 d5 34. Nd6 Rb8 35. Nxc4 dxc4 36. Rxc4 Rb2 37. a4 Ra2 38. Bxc6 Kf6 39. Bb5 Ke5 40. Kh2 g5 41. Rc5+ Ke4 42. Bc6+ Kf4 43. Rxa5 h5 44. Ra8 h4 45. Rf8+ Ke3 46. Rf3+ Kd4 47. Bb5 Ke5 48. Re3+ Kf4 49. Rf3+ Ke5 50. Bd7 Ra1 51. Rf5+ Ke4 52. Rxg5 Rd1 53. Bb5 Rd6 54. Rg4+ Kf5 55. Rxh4 Kg5 56. Rg4+ Kh5 57. Rg3 Rd4 58. Rf3 Kh4 59. a5 Rd8 60. a6 Rg8 61. g3+ Kh5 62. a7 Ra8 63. Ra3 Kg5 64. Bc6 Rf8 65. a8=Q Rf2+ 66. Kg1 Rf6 67. Qg8+ Kh6 68. Ra4 1-0


[Site "https://www.chess.com"]

[Event "Titled Tuesday Blitz June 13 Late 2023"]
[White "Novikov, Evgenij"]
[Black "Smiechu"]
[WhiteFideId "4125380"]
[WhiteElo "2242"]
[BlackElo "2418"]
[Result "1-0"]
[Round "5"]
[TimeControl "180+2"]
[Date "2023.06.13"]
[WhiteClock "0:01:47"]
[BlackClock "0:00:54"]
[Board "92"]

1. e4 c5 2. d4 cxd4 3. c3 g6 4. cxd4 d5 5. e5 Bg7 6. Bd3 Nc6 7. Ne2 Nh6 8. O-O Bf5 9. Bxh6 Bxh6 10. Bxf5 gxf5 11. Qb3 Rb8 12. Qh3 Bg5 13. Qxf5 e6 14. Qd3 Qe7 15. f4 Bh6 16. Nbc3 Rg8 17. Nb5 Rg6 18. Nd6+ Kf8 19. f5 exf5 20. Rxf5 Nd8 21. Raf1 Rg7 22. Qf3 Kg8 23. Qxd5 b5 24. Ng3 Rb6 25. Nh5 Rg5 26. Nf6+ Kg7 27. Rxg5+ Bxg5 28. Nf5+ 1-0


[Site "https://www.chess.com"]

[Event "Titled Tuesday Blitz June 13 Late 2023"]
[White "Kochiev, Ivan"]
[Black "Kabilov, Amin"]
[WhiteFideId "2917890"]
[BlackFideId "14700859"]
[WhiteElo "2287"]
[BlackElo "2110"]
[Result "0-1"]
[Round "5"]
[TimeControl "180+2"]
[Date "2023.06.13"]
[WhiteClock "0:00:00"]
[BlackClock "0:00:19"]
[Board "93"]

1. e4 c5 2. Nc3 Nc6 3. Bb5 Nd4 4. Nf3 Nxb5 5. Nxb5 a6 6. Nc3 d6 7. d4 cxd4 8. Nxd4 Nf6 9. O-O e5 10. Nb3 h6 11. Kh1 Be7 12. f4 O-O 13. Be3 Bd7 14. Qf3 Bc6 15. Rad1 Qc7 16. f5 b5 17. a3 a5 18. g4 b4 19. axb4 axb4 20. Nd5 Bxd5 21. exd5 Qxc2 22. Nd2 Ra5 23. Rf2 Rxd5 24. Rg1 Qc6 25. Rfg2 Nh7 26. Ne4 Qa8 27. h4 Bxh4 28. g5 hxg5 29. Qh5 Rd3 30. Qf3 d5 31. Nf2 Rb3 32. Qe2 d4 33. Bxg5 Bxg5 34. Kh2 Bf4+ 35. Kh1 Bg5 36. Ng4 Rh3+ 37. Nh2 Bf4 38. Rf1 Rxh2+ 39. Kg1 Qa7 40. Rxh2 d3+ 41. Qf2 Be3 42. f6 Bxf2+ 43. Rfxf2 Nxf6 0-1


[Site "https://www.chess.com"]

[Event "Titled Tuesday Blitz June 13 Late 2023"]
[White "Jaskolka, Tomasz"]
[Black "Nikologorsky, Matfei"]
[WhiteFideId "1170791"]
[BlackFideId "24102474"]
[WhiteElo "2155"]
[BlackElo "2153"]
[Result "1-0"]
[Round "5"]
[TimeControl "180+2"]
[Date "2023.06.13"]
[WhiteClock "0:00:08"]
[BlackClock "0:00:21"]
[Board "94"]

1. d4 Nf6 2. Nc3 d5 3. Bf4 a6 4. e3 c5 5. Nf3 Nc6 6. a3 cxd4 7. exd4 Bg4 8. Be2 e6 9. O-O Bd6 10. Ne5 Bxe2 11. Nxe2 O-O 12. c3 Nh5 13. Nxc6 bxc6 14. Bxd6 Qxd6 15. Qd2 c5 16. b4 cxd4 17. Qxd4 Rfc8 18. Rfd1 Qc7 19. Rac1 Nf6 20. Ng3 Qc4 21. Qe5 Ra7 22. Rd4 Qc7 23. Qg5 h6 24. Qd2 Qb6 25. c4 dxc4 26. Rdxc4 Rxc4 27. Rxc4 Rd7 28. Qc2 g6 29. h3 Nd5 30. Ne4 Rd8 31. Rc6 Qd4 32. Rxa6 Nf4 33. Rc6 Qa1+ 34. Kh2 Qxa3 35. b5 Qa1 36. Rc8 Rxc8 37. Qxc8+ Kg7 38. Qc3+ Qxc3 39. Nxc3 Nd3 40. Ne4 f5 41. b6 Nb4 42. Nc5 Nc6 43. Nd7 Na5 44. Nc5 Nc6 45. Nxe6+ Kf6 46. Nc5 Ke7 47. b7 Nb8 48. Kg3 Kd6 49. Nd3 Nc6 50. Nb4 Nb8 51. h4 Kc7 52. Kf4 Nd7 53. Nd5+ Kxb7 54. Ne7 Kc7 55. Nxg6 Kd6 56. Kxf5 Nc5 57. Nf4 Ke7 58. Kg6 Ne4 59. f3 Ng3 60. Kxh6 Kf7 61. Kg5 Kg7 62. Kg4 Nf1 63. g3 Kf6 64. Nh5+ Kg6 65. Nf4+ Kf6 66. Nd5+ Ke5 67. Ne7 Kf6 68. Ng8+ Kf7 69. Nh6+ Kg6 70. Nf5 Kf6 71. Nd4 Ne3+ 72. Kf4 Ng2+ 73. Ke4 Ne1 74. g4 Ng2 75. h5 Kg5 76. Nf5 Kf6 77. f4 Ne1 78. g5+ Kf7 79. Ne3 Ke6 80. f5+ Kf7 81. h6 Ke7 82. g6 Kf6 83. h7 Kg7 84. Ke5 Nf3+ 85. Ke6 Ng5+ 86. Ke7 Ne4 87. f6+ Nxf6 88. h8=Q+ Kxh8 89. Kxf6 Kg8 90. g7 Kh7 91. Kf7 Kh6 92. g8=Q Kh5 93. Qg4+ Kh6 94. Qg6# 1-0


[Site "https://www.chess.com"]

[Event "Titled Tuesday Blitz June 13 Late 2023"]
[White "Besedes, Danilo"]
[Black "Bueno, Alfeu Junior Varela"]
[WhiteFideId "946796"]
[BlackFideId "2108879"]
[WhiteElo "2352"]
[BlackElo "2175"]
[Result "1-0"]
[Round "5"]
[TimeControl "180+2"]
[Date "2023.06.13"]
[WhiteClock "0:00:52"]
[BlackClock "0:00:10"]
[Board "95"]

1. e4 e6 2. d3 d5 3. Nd2 Nf6 4. Ngf3 dxe4 5. dxe4 Bc5 6. Bd3 e5 7. O-O Nc6 8. a3 a5 9. b3 Qe7 10. Bb2 O-O 11. Nc4 Bg4 12. h3 Bxf3 13. Qxf3 Bd4 14. c3 Ba7 15. b4 Nd7 16. Rad1 Kh8 17. Ne3 Bxe3 18. Qxe3 axb4 19. cxb4 Nd4 20. Bc4 Nb6 21. Bb3 Nxb3 22. Qxb3 f6 23. Rd3 Qf7 24. Qxf7 Rxf7 25. Rfd1 h6 26. Rd8+ Rf8 27. Rxf8+ Rxf8 28. Bc1 Ra8 29. Kf1 Kg8 30. g3 Kf8 31. Be3 Rxa3 32. Rd8+ Ke7 33. Rb8 Nc4 34. Bc5+ Kd7 35. Rg8 g5 36. b5 Ra1+ 37. Kg2 Rb1 38. Rg7+ Ke6 39. Re7# 1-0


[Site "https://www.chess.com"]

[Event "Titled Tuesday Blitz June 13 Late 2023"]
[White "ElDivis"]
[Black "Pesotskiy, Mikhail"]
[BlackFideId "34164453"]
[WhiteElo "2541"]
[BlackElo "2131"]
[Result "1-0"]
[Round "5"]
[TimeControl "180+2"]
[Date "2023.06.13"]
[WhiteClock "0:00:16"]
[BlackClock "0:00:09"]
[Board "96"]

1. e4 e6 2. d4 d5 3. Nc3 Bb4 4. e5 c5 5. a3 Qa5 6. axb4 Qxa1 7. bxc5 Qa5 8. Bd2 Nc6 9. Nb5 Qd8 10. Nd6+ Kf8 11. c3 Nge7 12. Bd3 b6 13. Qh5 Ng6 14. Nf3 Qe7 15. Ng5 Nd8 16. O-O bxc5 17. f4 c4 18. Bc2 Kg8 19. Qg4 Nf8 20. f5 exf5 21. Bxf5 Be6 22. Bxe6 fxe6 23. Rf7 Nxf7 24. Ngxf7 Ng6 25. Bg5 Qd7 26. h4 Rf8 27. h5 Rxf7 28. hxg6 hxg6 29. Be3 Qe7 30. Qxg6 Rf8 31. Bg5 Qe8 32. Nxe8 Rxe8 33. Qxe8+ 1-0


[Site "https://www.chess.com"]

[Event "Titled Tuesday Blitz June 13 Late 2023"]
[White "Diaz Rosas, Julio Cesar"]
[Black "Ozalp, Burak"]
[WhiteFideId "5105099"]
[BlackFideId "6314210"]
[WhiteElo "2284"]
[BlackElo "2106"]
[Result "0-1"]
[Round "5"]
[TimeControl "180+2"]
[Date "2023.06.13"]
[WhiteClock "0:00:00"]
[BlackClock "0:00:06"]
[Board "97"]

1. e4 c6 2. d4 d5 3. exd5 cxd5 4. Bd3 Nc6 5. Nf3 Qc7 6. h3 Nf6 7. O-O g6 8. Nc3 Bg7 9. Bg5 O-O 10. Bxf6 exf6 11. Nxd5 Qa5 12. c4 Rd8 13. a3 Rd7 14. b4 Qd8 15. b5 Ne7 16. Nxe7+ Rxe7 17. d5 f5 18. Ra2 a6 19. bxa6 Rxa6 20. Re1 Rxe1+ 21. Qxe1 Bf8 22. a4 Bd7 23. Bc2 Qc7 24. Bb3 Ra8 25. Qe5 Bd6 26. Qc3 h6 27. Nd4 Be5 28. Qd2 Kg7 29. Nf3 Bf6 30. a5 g5 31. Nd4 Qe5 32. Nf3 Qc7 33. Qd3 g4 34. hxg4 fxg4 35. Nd4 Qe5 36. Nc2 Bf5 37. Qd1 g3 38. fxg3 Qxg3 39. Qf3 Qg5 40. Kf1 Re8 41. Ne1 Bg4 42. Qf2 Qh5 43. Nf3 Qh1+ 44. Qg1 Qh5 45. Qf2 Bf5 46. Bc2 Qh1+ 47. Qg1 Qh5 48. Qf2 Bg4 49. Qg1 Bh4 50. Bd3 Bxf3 51. gxf3+ Kf8 52. Re2 Qxf3+ 53. Rf2 Bxf2 54. Qxf2 Qxd3+ 55. Kg1 Qg6+ 56. Kf1 Re4 57. d6 Qg4 58. d7 Qd1+ 59. Kg2 Qxd7 60. Qf3 Qe7 61. Kf2 Re6 62. Qd3 Rf6+ 63. Kg2 Rg6+ 64. Kf2 Qf6+ 65. Ke2 Qe6+ 66. Kf2 Qf6+ 67. Ke2 Qg5 68. Qf3 Qg2+ 69. Qxg2 Rxg2+ 70. Kd3 Ra2 0-1


[Site "https://www.chess.com"]

[Event "Titled Tuesday Blitz June 13 Late 2023"]
[White "Siniauski, Artsiom"]
[Black "Topalov, Aleksandar"]
[WhiteFideId "13512269"]
[BlackFideId "925659"]
[WhiteElo "2065"]
[BlackElo "2151"]
[Result "1-0"]
[Round "5"]
[TimeControl "180+2"]
[Date "2023.06.13"]
[WhiteClock "0:01:05"]
[BlackClock "0:00:00"]
[Board "98"]

1. e4 e6 2. d4 d5 3. Nc3 Bb4 4. e5 Qd7 5. Qg4 Bf8 6. a3 a5 7. h4 h5 8. Qg3 b6 9. Bb5 c6 10. Ba4 Ba6 11. Nge2 Bc4 12. Nd1 b5 13. Bb3 Bxb3 14. Qxb3 Na6 15. Bf4 c5 16. f3 Nh6 17. Nf2 Nf5 18. c3 a4 19. Qc2 Rc8 20. Qd3 Nb8 21. Bg5 cxd4 22. cxd4 Nc6 23. g4 Nh6 24. Bd2 Be7 25. Ng3 Qa7 26. Bc3 b4 27. axb4 Nxb4 28. Qb5+ Qd7 29. Qxd7+ Kxd7 30. Rxa4 Nc6 31. Nxh5 g6 32. Nf6+ Bxf6 33. exf6 e5 34. dxe5 Ke6 35. Nd3 d4 36. Bxd4 Nxd4 37. Rxd4 Rhd8 38. Rxd8 Rxd8 39. Ke2 Rb8 40. Ra1 1-0


[Site "https://www.chess.com"]

[Event "Titled Tuesday Blitz June 13 Late 2023"]
[White "Zavgorodniy, Sergiy"]
[Black "Yolosz"]
[WhiteFideId "14110148"]
[WhiteElo "2402"]
[BlackElo "2398"]
[Result "1-0"]
[Round "5"]
[TimeControl "180+2"]
[Date "2023.06.13"]
[WhiteClock "0:01:40"]
[BlackClock "0:00:16"]
[Board "99"]

1. d4 Nf6 2. c4 e6 3. Nf3 d5 4. e3 c6 5. Nbd2 Bb4 6. Bd3 O-O 7. O-O Nbd7 8. e4 dxe4 9. Nxe4 Nxe4 10. Bxe4 Nf6 11. Bc2 Be7 12. b3 b6 13. Bb2 Bb7 14. Qe2 Qc7 15. Rad1 Rad8 16. Ne5 c5 17. f4 cxd4 18. Bxd4 Rxd4 19. Rxd4 Bc5 20. Rd1 Rd8 21. Qf2 Rxd4 22. Rxd4 g5 23. b4 Bxd4 24. Qxd4 h6 25. Kf1 a5 26. a3 axb4 27. axb4 Nd5 28. cxd5 Qxc2 29. dxe6 Qxg2+ 30. Ke1 Qh1+ 31. Kd2 Qxh2+ 32. Kc3 Qg3+ 33. Kc4 fxe6 34. Qd8+ Kg7 35. Qe7+ Kg8 36. Qf7+ Kh8 37. Ng6# 1-0


[Site "https://www.chess.com"]

[Event "Titled Tuesday Blitz June 13 Late 2023"]
[White "Tokhirjonova, Gulrukhbegim"]
[Black "Fernandez Siles, Luis"]
[WhiteFideId "14203626"]
[BlackFideId "2209420"]
[WhiteElo "2265"]
[BlackElo "2195"]
[Result "0-1"]
[Round "5"]
[TimeControl "180+2"]
[Date "2023.06.13"]
[WhiteClock "0:00:00"]
[BlackClock "0:00:02"]
[Board "100"]

1. Nf3 Nf6 2. g3 g6 3. Bg2 Bg7 4. O-O O-O 5. d4 d6 6. c4 c6 7. Nc3 Qa5 8. e4 e5 9. Bd2 exd4 10. Nxd4 Qc5 11. Be3 Qxc4 12. Rc1 Qa6 13. Re1 Qa5 14. Nb3 Qc7 15. Nb5 Qe7 16. Nxd6 Rd8 17. Nxc8 Rxc8 18. Bc5 Qe5 19. Bd6 Qe6 20. Nc5 Qxa2 21. e5 Nd5 22. b3 Na6 23. Nxb7 Nab4 24. Qd4 a5 25. Ra1 Qxb3 26. Nxa5 Rxa5 27. Rxa5 Nc2 28. Qd1 Qc3 29. Rc5 Qxe1+ 30. Qxe1 Nxe1 31. Bxd5 Nd3 32. Rxc6 Rxc6 33. Bxc6 Bxe5 34. Ba3 Bd4 35. Kg2 Nxf2 36. Kf3 Nd1 37. h4 Nc3 38. Bb2 Bg7 39. g4 h6 40. Bd7 Na2 41. Ba3 Nc3 42. Bd6 Nd5 43. Bc6 Nf6 44. g5 hxg5 45. hxg5 Nh7 46. Kg4 f6 47. Bd5+ Kh8 48. Bf4 f5+ 49. Kf3 Bd4 50. Bf7 Kg7 51. Be8 Bb6 52. Be5+ Kf8 53. Bxg6 Nxg5+ 54. Kf4 Nf7 55. Bf6 Nd6 56. Ke5 Bc7 57. Ke6 f4 58. Bh5 Ne4 59. Be5 Ng5+ 0-1


[Site "https://www.chess.com"]

[Event "Titled Tuesday Blitz June 13 Late 2023"]
[White "Avalos Parra, Joao"]
[Black "brm72"]
[WhiteFideId "3402541"]
[WhiteElo "2173"]
[BlackElo "2530"]
[Result "1-0"]
[Round "5"]
[TimeControl "180+2"]
[Date "2023.06.13"]
[WhiteClock "0:00:11"]
[BlackClock "0:00:05"]
[Board "101"]

1. d4 Nf6 2. c4 g6 3. Nc3 d5 4. Nf3 Bg7 5. h4 dxc4 6. e4 c5 7. d5 b5 8. h5 O-O 9. hxg6 hxg6 10. Bh6 b4 11. Na4 Nxe4 12. Qc1 Bf6 13. Qxc4 Nd6 14. Qf4 Bb7 15. Bxf8 Qxf8 16. Nxc5 Bxd5 17. O-O-O Bxf3 18. Qxf3 Qc8 19. Qxa8 Qxc5+ 20. Kb1 Qb6 21. Qf3 Nc6 22. Qh3 Ne5 23. Qh7+ Kf8 24. Qh6+ Bg7 25. Qe3 Qb7 26. Be2 a5 27. f4 Nc6 28. Bf3 Qa6 29. Rhe1 Bf6 30. g4 g5 31. fxg5 Be5 32. g6 Nc4 33. Qe4 Bxb2 34. Qxc6 Qxc6 35. Bxc6 Bc3 36. Rf1 Na3+ 37. Kc1 f6 38. g5 Kg7 39. gxf6+ exf6 40. Rd7+ Kxg6 41. Be4+ Kg5 42. Rf5+ Kg4 43. Rxa5 Nc4 44. Rc5 Na3 45. Rxc3 bxc3 46. Ra7 Nb5 47. Rg7+ Kf4 48. Bd3 Nd4 49. a4 Ke3 50. Bb5 f5 51. Rg3+ Kf4 52. Rxc3 Ke4 53. Rc4 f4 54. Rxd4+ Kxd4 55. Kd2 1-0


[Site "https://www.chess.com"]

[Event "Titled Tuesday Blitz June 13 Late 2023"]
[White "D`Arruda, Ricardo D."]
[Black "GAO"]
[WhiteFideId "100692"]
[WhiteElo "2527"]
[BlackElo "2375"]
[Result "1/2-1/2"]
[Round "5"]
[TimeControl "180+2"]
[Date "2023.06.13"]
[WhiteClock "0:00:28"]
[BlackClock "0:00:08"]
[Board "102"]

1. d4 Nf6 2. Nf3 c5 3. d5 b5 4. c4 g6 5. g3 Bg7 6. Bg2 O-O 7. O-O b4 8. Qc2 d6 9. e4 a5 10. a4 Nbd7 11. Re1 Ng4 12. Ra2 e6 13. b3 exd5 14. cxd5 Re8 15. Bb2 Bxb2 16. Rxb2 Ba6 17. Nbd2 Nge5 18. Bf1 Bxf1 19. Kxf1 Qf6 20. Nxe5 Nxe5 21. Re2 h5 22. Nc4 Qf3 23. Kg1 h4 24. Re3 Qg4 25. Nxe5 Rxe5 26. f3 Qh3 27. Qg2 Qxg2+ 28. Kxg2 Rc8 29. f4 Re7 30. Rc2 f6 31. Kf3 Rec7 32. e5 fxe5 33. fxe5 dxe5 34. Rxe5 Kg7 35. d6 Rd7 36. Rcxc5 Rxc5 37. Rxc5 Rxd6 38. Ke4 hxg3 39. hxg3 Rd2 40. Rxa5 Rb2 41. g4 Rxb3 42. g5 Rg3 43. Ra7+ Kg8 44. Kf4 Rg1 45. Rb7 Rf1+ 46. Ke4 Rg1 47. Ke5 Rxg5+ 48. Kf6 Rg1 49. Rb8+ Kh7 50. Rb7+ Kh6 51. Rxb4 Rf1+ 52. Ke5 g5 53. a5 Ra1 54. Rb5 g4 55. Kf4 Ra4+ 56. Kg3 Kg6 57. Rc5 Kf6 58. Kh4 Kg6 59. Rg5+ Kf6 60. Rh5 Ke6 61. a6 Kd7 62. Rh6 Kc8 63. Kg3 Kb8 64. Rg6 Ka7 65. Rxg4 Rxg4+ 66. Kxg4 Kxa6 1/2-1/2


[Site "https://www.chess.com"]

[Event "Titled Tuesday Blitz June 13 Late 2023"]
[White "Pert, Richard G"]
[Black "Bogaudinov, Rushan"]
[WhiteFideId "404748"]
[BlackFideId "4129288"]
[WhiteElo "2441"]
[BlackElo "1967"]
[Result "1-0"]
[Round "5"]
[TimeControl "180+2"]
[Date "2023.06.13"]
[WhiteClock "0:00:13"]
[BlackClock "0:00:17"]
[Board "103"]

1. d4 Nf6 2. Nc3 d5 3. e4 Nxe4 4. Nxe4 dxe4 5. Bc4 Bf5 6. g4 Bg6 7. Ne2 e6 8. h4 h5 9. Nf4 Nc6 10. Nxg6 fxg6 11. c3 Qd6 12. Qb3 O-O-O 13. Bxe6+ Kb8 14. Bg5 Be7 15. Bxe7 Nxe7 16. O-O-O Rhf8 17. Rhe1 Rf4 18. gxh5 gxh5 19. Kb1 Rxh4 20. a4 Rf4 21. d5 Qb6 22. Qxb6 axb6 23. Rd4 g5 24. Rdxe4 Rxf2 25. Re5 Rg2 26. Rf1 Ng6 27. Ref5 Nf4 28. R5xf4 gxf4 29. Rxf4 Rh8 30. Rh4 Re2 31. Ka2 c6 32. Kb3 Kc7 33. Bf7 Re5 34. c4 Kd6 35. Be6 Kc5 36. Kc3 Re3+ 37. Kd2 Rg3 38. Kc2 Kb4 39. d6 Rf8 40. d7 Rf2+ 41. Kb1 Rd3 42. c5+ Kxc5 43. Rc4+ Kd6 44. d8=Q+ Kxe6 45. Qxd3 Rf5 46. Re4+ Kf6 47. Qd4+ Kg5 48. Re5 h4 49. Rxf5+ Kxf5 50. Qd7+ Ke5 51. Qh3 Kd5 52. Qxh4 Kd6 53. Kc2 Kc7 54. b3 Kb8 55. Kc3 Ka7 56. Kc4 Ka6 57. Qg3 Ka5 58. Qc3+ Ka6 59. Qd3 c5 60. Qe2 Ka5 61. Kc3 b5 62. Qxb5# 1-0


[Site "https://www.chess.com"]

[Event "Titled Tuesday Blitz June 13 Late 2023"]
[White "HamedWafa4"]
[Black "Papp, Petra"]
[BlackFideId "739049"]
[WhiteElo "2524"]
[BlackElo "2259"]
[Result "1-0"]
[Round "5"]
[TimeControl "180+2"]
[Date "2023.06.13"]
[WhiteClock "0:00:27"]
[BlackClock "0:00:00"]
[Board "104"]

1. e4 e5 2. Nf3 Nf6 3. Nc3 Nc6 4. Bb5 Nd4 5. Bc4 Bc5 6. Nxe5 d5 7. Bxd5 O-O 8. Nxf7 Rxf7 9. Bxf7+ Kxf7 10. d3 Bg4 11. f3 Bh5 12. Ne2 Qd7 13. Nxd4 Qxd4 14. Qe2 Nd5 15. Rb1 1-0


[Site "https://www.chess.com"]

[Event "Titled Tuesday Blitz June 13 Late 2023"]
[White "Arias Igual, Alejandro"]
[Black "Petesch, Gabriel"]
[WhiteFideId "2254905"]
[BlackFideId "2032465"]
[WhiteElo "2179"]
[BlackElo "2374"]
[Result "0-1"]
[Round "5"]
[TimeControl "180+2"]
[Date "2023.06.13"]
[WhiteClock "0:00:05"]
[BlackClock "0:00:20"]
[Board "105"]

1. e4 c6 2. d4 d6 3. h3 Nf6 4. Bd3 e5 5. Nf3 Qc7 6. O-O Be7 7. a4 h6 8. Nc3 g5 9. Nh2 exd4 10. Ne2 c5 11. b3 Nc6 12. f4 g4 13. hxg4 Nxg4 14. Nxg4 Bxg4 15. Qe1 h5 16. Ng3 Bh4 17. f5 O-O-O 18. Bf4 Rhg8 19. Qd2 Ne5 20. Ne2 Bf3 21. g3 Rg4 22. Bxe5 Bxe2 23. Bxe2 Bg5 24. Bf4 Bxf4 25. Rxf4 Rxg3+ 26. Kh1 Rdg8 27. Rf2 d5 28. Rh2 dxe4 29. Rf1 e3 30. Qe1 Qc6+ 31. Bf3 Rxf3 32. Rg2 Rh3+ 0-1


[Site "https://www.chess.com"]

[Event "Titled Tuesday Blitz June 13 Late 2023"]
[White "Shapiro, Viktor"]
[Black "The_Straightforward_Rook"]
[WhiteFideId "4175700"]
[WhiteElo "2212"]
[BlackElo "2365"]
[Result "1-0"]
[Round "5"]
[TimeControl "180+2"]
[Date "2023.06.13"]
[WhiteClock "0:00:30"]
[BlackClock "0:00:18"]
[Board "106"]

1. c4 Nf6 2. Nc3 e6 3. Nf3 d5 4. d4 Nbd7 5. Bg5 Be7 6. e3 a6 7. Qc2 O-O 8. c5 c6 9. Bd3 e5 10. dxe5 Ne8 11. Bxh7+ Kh8 12. h4 Nxc5 13. O-O-O g6 14. Bxg6 fxg6 15. Qxg6 Bf5 16. Qh6+ Kg8 17. Nd4 Ng7 18. Nxf5 Rxf5 19. f4 Qe8 20. g4 Rf8 21. h5 Nce6 22. Bxe7 Qxe7 23. Qg6 Qf7 24. f5 Qxg6 25. hxg6 Nxf5 26. gxf5 Rxf5 27. e4 Rxe5 28. exd5 cxd5 29. Nxd5 Rc8+ 30. Kb1 Kg7 31. Ne7 Rc7 32. Rh7+ Kf6 33. Nd5+ Kxg6 34. Rxc7 Nxc7 35. Nxc7 Rc5 36. Nd5 Kf5 37. Nc3 Ke6 38. Kc2 Rh5 39. b4 Rh3 40. Kb3 Ke7 41. a4 b5 42. axb5 axb5 43. Rd5 Rh6 44. Rxb5 Kd7 45. Rc5 Rh3 46. b5 1-0


[Site "https://www.chess.com"]